 Dungeon Crawl Stone Soup version 0.31.0-1-g2c135a0 (webtiles) character file.

Game seed: 11275116127071962826

26 jagoly the Apothecary (level 3, -5/28 HPs)
             Began as a Naga Alchemist on Jan 24, 2024.
             Slain by a +1 spectral club (7 damage)
             ... created by Ijyb
             ... while paralysed by Ijyb
             ... on level 3 of the Dungeon.
             The game lasted 00:05:21 (405 turns).

jagoly the Apothecary (Naga Alchemist)               Turns: 405, Time: 00:05:22

Health: -5/28      AC:  3    Str: 10    XL:     3   Next: 8%
Magic:  0/6        EV:  1    Int: 17    God:
Gold:   42         SH:  0    Dex: 11    Spells: 2/6 levels left

rFire   . . .        d - +0 spear
rCold   . . .        (no shield)
rNeg    . . .        a - +0 robe
rPois   +            (no helmet)
rElec   .            i - +0 cloak
rCorr   .            (no gloves)
SInv    +            (no barding)
Will    .....        (no amulet)
Stlth   ++           (no ring)
HPRegen 0.24/turn    (no ring)
MPRegen 0.10/turn

%: no passive effects
@: paralysed, very slightly contaminated, very slow
A: AC +1, large, see invisible, deformed body, poison resistance, slowness 2,
spit poison 1, naga tail 1
a: Spit Poison


You were on level 3 of the Dungeon.
You visited 1 branch of the dungeon, and saw 3 of its levels.

You collected 42 gold pieces.

Inventory:

Hand Weapons
 d - a +0 spear (weapon)
 j - a +0 short sword
Missiles
 h - 5 stones
Armour
 a - a +0 robe (worn)
 e - a +0 ring mail
 i - a +0 cloak (worn)
Scrolls
 k - a scroll of vulnerability {unknown}
 l - a scroll of immolation {unknown}
Potions
 b - a potion of magic
 c - 3 potions of curing {unknown}
 f - 2 potions of heal wounds {unknown}
 g - a potion of mutation {unknown}


   Skills:
 - Level 1.5 Dodging
 + Level 4.0 Stealth
 + Level 2.4 Spellcasting
 - Level 1.0 Conjurations
 + Level 4.1 Alchemy


You had 2 spell levels left.
You knew the following spells:

 Your Spells              Type           Power      Damage    Failure   Level
a - Sting                 Conj/Alch      40%        1d5       6%          1
c - Mephitic Cloud        Conj/Alch/Air  7%         N/A       28%         3

Your spell library contained the following spells:

 Spells                   Type           Power      Damage    Failure   Level
 Mercury Vapours          Alch/Air       18%        N/A       12%         2
 Olgreb's Toxic Radiance  Alch           16%        N/A       32%         4
 Sticky Flame             Fire/Alch      9%         2d5       61%         4


Dungeon Overview and Level Annotations

Branches:
Dungeon (3/15) Zot: 17462

Altars:

Annotations:
D:3 Ijyb


Innate Abilities, Weirdness & Mutations

Your serpentine skin is tough. (AC +1)
You have supernaturally acute eyesight. (SInv)
Armour fits poorly on your strangely shaped body.
Your system is resistant to poisons. (rPois)
You cover ground very slowly.
You can spit poison.
You have a snake-like lower body.


Message History

Welcome, jagoly the Naga Alchemist.
Are you destined to find the terrific Orb of Zot, or to die trying?
Press ? for a list of commands and other information.
Found a staircase leading out of the dungeon.
You enter the shallow water.
A quokka comes into view.
Found a fizzy yellow potion.
Cast which spell? (? or * to list)
Aiming: Sting (safe; 9% risk of failure)
Press: ? - help, Shift-Dir - straight line, f - quokka
Aim: a quokka (56% to hit)
The sting hits the quokka.
The quokka is poisoned.
The quokka is heavily wounded.
Cast which spell? (? or * to list)
Aiming: Sting (safe; 9% risk of failure)
Press: ? - help, Shift-Dir - straight line, f/p - quokka
Aim: a quokka (severely wounded, poisoned, 56% to hit)
The sting hits the quokka.
The quokka looks even sicker.
You kill the quokka!
Found 14 gold pieces and a fizzy yellow potion.
Unknown command.
c - a fizzy yellow potion
Found a spear.
c - 2 fizzy yellow potions (gained 1)
You now have 14 gold pieces.
You see here a +0 spear.
d - a +0 spear (weapon)
A dart slug comes into view.
The helpless dart slug fails to defend itself.
You hit the dart slug.
The dart slug is heavily wounded.
Cast which spell? (? or * to list)
Aiming: Sting (safe; 9% risk of failure)
Press: ? - help, Shift-Dir - straight line, f - dart slug
Aim: a dart slug (heavily wounded, 100% to hit)
The sting hits the dart slug.
The dart slug is poisoned.
You kill the dart slug!
An endoplasm comes into view.
The endoplasm quivers.
The endoplasm hits you.
Cast which spell? (? or * to list)
Aiming: Sting (safe; 9% risk of failure)
Press: ? - help, Shift-Dir - straight line, f - endoplasm
Aim: an endoplasm (97% to hit)
You miscast Sting.
You are very lightly contaminated with residual magic.
Nothing appears to happen.
The endoplasm freezes you.
You are frozen.
Cast which spell? (? or * to list)
Aiming: Sting (safe; 9% risk of failure)
Press: ? - help, Shift-Dir - straight line, f/p - endoplasm
Aim: an endoplasm (97% to hit)
The sting hits the endoplasm.
The endoplasm partially resists.
The endoplasm is poisoned.
The endoplasm is moderately wounded.
The endoplasm hits you.
Cast which spell? (? or * to list)
Aiming: Sting (safe; 9% risk of failure)
Press: ? - help, Shift-Dir - straight line, f/p - endoplasm
Aim: an endoplasm (moderately wounded, poisoned, 97% to hit)
The sting hits the endoplasm.
The endoplasm partially resists.
The endoplasm is heavily wounded.
The endoplasm freezes you.
You are frozen.
* * * LOW HITPOINT WARNING * * *
Reach: d) +0 spear
Press: ? - help, Dir - move target, f/p - endoplasm
Aim: an endoplasm (almost dead, poisoned, about 15% to evade your +0 spear)
You hit the endoplasm.
You kill the endoplasm!
Your magical contamination has completely faded away.
Found 8 gold pieces.
Found a stone staircase leading down.
A giant cockroach comes into view.
Found a ring mail.
You see here 8 gold pieces.
You now have 22 gold pieces (gained 8).
The giant cockroach bites you.
Cast which spell? (? or * to list)
Aiming: Sting (safe; 9% risk of failure)
Press: ? - help, Shift-Dir - straight line, f - giant cockroach
Aim: a giant cockroach (68% to hit)
The sting hits the giant cockroach but does no damage.
The giant cockroach is poisoned.
The giant cockroach closely misses you.
Reach: d) +0 spear
Press: ? - help, Dir - move target, f/p - giant cockroach
Aim: a giant cockroach (severely wounded, poisoned, about 43% to evade your +0 spear)
You hit the giant cockroach.
You kill the giant cockroach!
You have reached level 2!
Unknown command.
You see here a +0 ring mail.
e - a +0 ring mail
There is a stone staircase leading down here.
You climb downwards.
There is a stone staircase leading up here.
Reach: d) +0 spear
Press: ? - help, Dir - move target, f - endoplasm
Aim: an endoplasm (asleep, about 2% to evade your +0 spear)
The helpless endoplasm fails to defend itself.
You hit the endoplasm.
The endoplasm is severely wounded.
The endoplasm hits you.
Cast which spell? (? or * to list)
Aiming: Sting (safe; 9% risk of failure)
Press: ? - help, Shift-Dir - straight line, f/p - endoplasm
Aim: an endoplasm (severely wounded, 97% to hit)
The sting hits the endoplasm.
The endoplasm partially resists.
The endoplasm is poisoned.
The endoplasm is almost dead.
You kill the endoplasm!
HP restored.
Found 2 amethyst potions.
An endoplasm comes into view.
The endoplasm quivers.
Cast which spell? (? or * to list)
Aiming: Sting (safe; 8% risk of failure)
Press: ? - help, Shift-Dir - straight line, f - endoplasm
Aim: an endoplasm (97% to hit)
The sting hits the endoplasm.
The endoplasm partially resists.
The endoplasm is poisoned.
The endoplasm is moderately wounded.
The endoplasm barely misses you.
Cast which spell? (? or * to list)
Aiming: Sting (safe; 8% risk of failure)
Press: ? - help, Shift-Dir - straight line, f/p - endoplasm
Aim: an endoplasm (moderately wounded, poisoned, 97% to hit)
The sting hits the endoplasm.
The endoplasm partially resists.
The endoplasm is heavily wounded.
The endoplasm barely misses you.
Reach: d) +0 spear
Press: ? - help, Dir - move target, f/p - endoplasm
Aim: an endoplasm (heavily wounded, poisoned, about 15% to evade your +0 spear)
You hit the endoplasm.
You kill the endoplasm!
f - 2 amethyst potions A rat comes into view.
Found a scale mail.
Found 11 gold pieces.
Cast which spell? (? or * to list)
Aiming: Sting (safe; 8% risk of failure)
Press: ? - help, Shift-Dir - straight line, f - rat
Aim: a rat (asleep, 100% to hit)
The sting hits the rat but does no damage.
The rat is poisoned.
The rat squeaks loudly.
You kill the rat!
You now have 33 gold pieces (gained 11).
g - a metallic brown potion You open the door.
Found 5 stones.
Found a stone staircase leading up.
There is an open door here.
You see here 5 stones.
h - 5 stones You open the door.
There is an open door here.
There is a stone staircase leading up here.
You climb upwards.
Found a cloak.
There is a stone staircase leading down here.
The helpless quokka fails to defend itself.
You hit the quokka.
The quokka is heavily wounded.
The quokka barely misses you. The quokka bites you.
Cast which spell? (? or * to list)
Aiming: Sting (safe; 8% risk of failure)
Press: ? - help, Shift-Dir - straight line, f - quokka
Aim: a quokka (heavily wounded, 56% to hit)
The sting hits the quokka.
The quokka is poisoned.
You kill the quokka!
You see here a +0 cloak.
You start putting on your armour.
You continue putting on your +0 cloak. x4
You finish putting on your +0 cloak.
There is a stone staircase leading down here.
You climb downwards.
There is a stone staircase leading up here.
Found 9 gold pieces.
You now have 42 gold pieces (gained 9).
A kobold comes into view. It is wielding a +0 short sword.
The kobold shouts!
A bat comes into view.
The kobold barely misses you.
The kobold hits you with a +0 short sword.
The bat moves out of view.
You barely miss the kobold. You punch the kobold, but do no damage.
The kobold hits you but does no damage.
Cast which spell? (? or * to list)
Aiming: Sting (safe; 8% risk of failure)
Press: ? - help, Shift-Dir - straight line, f - kobold
Aim: a kobold, wielding a +0 short sword (60% to hit)
You miscast Sting.
You are very lightly contaminated with residual magic.
Nothing appears to happen.
The kobold hits you with a +0 short sword.
Cast which spell? (? or * to list)
Aiming: Sting (safe; 8% risk of failure)
Press: ? - help, Shift-Dir - straight line, f/p - kobold
Aim: a kobold, wielding a +0 short sword (60% to hit)
The sting hits the kobold.
The kobold is poisoned.
You kill the kobold!
Cast which spell? (? or * to list)
Aiming: Sting (safe; 8% risk of failure)
Press: ? - help, Shift-Dir - straight line, f - bat
Aim: a bat (52% to hit)
The sting hits the bat.
The bat is poisoned.
You kill the bat!
You see here a +0 short sword.
j - a +0 short sword Your magical contamination has completely faded away.
Magic restored.
Found a scroll labelled IRACSI LUIRAOC.
k - a scroll labelled IRACSI LUIRAOC
Found a club.
An adder comes into view.
Cast which spell? (? or * to list)
Aiming: Sting (safe; 8% risk of failure)
Press: ? - help, Shift-Dir - straight line, f - adder
Aim: an adder (48% to hit)
You miscast Sting.
You are very lightly contaminated with residual magic.
Nothing appears to happen.
Cast which spell? (? or * to list)
Aiming: Sting (safe; 8% risk of failure)
Press: ? - help, Shift-Dir - straight line, f/p - adder
Aim: an adder (48% to hit)
You miscast Sting.
Nothing appears to happen.
Cast which spell? (? or * to list)
Aiming: Sting (safe; 8% risk of failure)
Press: ? - help, Shift-Dir - straight line, f/p - adder
Aim: an adder (48% to hit)
The sting hits the adder.
The adder is poisoned.
The adder is lightly wounded.
The adder bites you.
Cast which spell? (? or * to list)
Aiming: Sting (safe; 8% risk of failure)
Press: ? - help, Shift-Dir - straight line, f/p - adder
Aim: an adder (moderately wounded, poisoned, 48% to hit)
You miscast Sting.
Nothing appears to happen.
The adder misses you.
Cast which spell? (? or * to list)
Aiming: Sting (safe; 8% risk of failure)
Press: ? - help, Shift-Dir - straight line, f/p - adder
Aim: an adder (moderately wounded, poisoned, 48% to hit)
You miscast Sting.
Nothing appears to happen.
The adder bites you. The adder barely misses you.
You hit the adder.
The adder is severely wounded.
The adder bites you.
Unknown command.
Reach: d) +0 spear
Press: ? - help, Dir - move target, f/p - adder
Aim: an adder (severely wounded, poisoned, about 62% to evade your +0 spear)
You barely miss the adder.
The adder is severely wounded.
The adder bites you. x2
Reach: d) +0 spear
Press: ? - help, Dir - move target, f/p - adder
Aim: an adder (heavily wounded, poisoned, about 62% to evade your +0 spear)
You closely miss the adder.
The adder is heavily wounded.
The adder closely misses you.
Reach: d) +0 spear
Press: ? - help, Dir - move target, f/p - adder
Aim: an adder (severely wounded, poisoned, about 62% to evade your +0 spear)
You barely miss the adder.
The adder is severely wounded.
The adder looks more healthy.
The adder misses you.
Reach: d) +0 spear
Press: ? - help, Dir - move target, f/p - adder
Aim: an adder (severely wounded, about 62% to evade your +0 spear)
You completely miss the adder.
The adder is severely wounded.
The adder completely misses you. The adder closely misses you.
Cast which spell? (? or * to list)
Aiming: Sting (safe; 8% risk of failure)
Press: ? - help, Shift-Dir - straight line, f/p - adder
Aim: an adder (severely wounded, 48% to hit)
The sting hits the adder.
The adder is poisoned.
The adder is almost dead.
The adder bites you.
Reach: d) +0 spear
Press: ? - help, Dir - move target, f/p - adder
Aim: an adder (almost dead, poisoned, about 62% to evade your +0 spear)
You closely miss the adder.
The adder is almost dead.
You kill the adder!
Your Alchemy skill increases to level 4!
A bat comes into view.
Found a fizzy yellow potion.
c - 3 fizzy yellow potions (gained 1) Cast which spell? (? or * to list)
Aiming: Sting (safe; 8% risk of failure)
Press: ? - help, Shift-Dir - straight line, f - bat
Aim: a bat (asleep, 100% to hit)
The sting hits the bat but does no damage.
The bat is poisoned.
You hit the bat.
You kill the bat!
You have reached level 3!
Your experience leads to an increase in your attributes!
Increase (S)trength, (I)ntelligence, or (D)exterity?
You feel clever. x2; Your skin feels tougher.
This spell is extremely dangerous to cast!
Your magical contamination has completely faded away.
You start memorising the spell.
You continue memorising. x3
You finish memorising.
Spell assigned to 'b'.
Adjust (i)tems, (s)pells, or (a)bilities?
Adjust which spell? b - Mephitic Cloud Adjust to which letter? c - Mephitic Cloud Unknown command.
Unknown command.
A rat comes into view.
Found a scroll labelled CIAWUR DEBUDED.
The rat squeaks loudly.
The rat bites you but does no damage. The rat closely misses you.
You barely miss the rat. The rat bites you but does no damage.
You hit the rat.
You kill the rat!
No target in view!
l - a scroll labelled CIAWUR DEBUDED You open the door.
There is an open door here.
Found a stone staircase leading down.
There is a stone staircase leading down here.
You climb downwards.
Found a stone staircase leading down.
There is a stone staircase leading up here.
The ball python hisses angrily.
Cast which spell? (? or * to list)
Aiming: Sting (safe; 6% risk of failure)
Press: ? - help, Shift-Dir - straight line, f - ball python
Aim: a ball python (68% to hit)
The sting hits the ball python.
The ball python is poisoned.
You kill the ball python!
Your Stealth skill increases to level 4!
Ijyb the Twisted Goblin comes into view.
She is wielding a +1 spectral club and carrying a wand of paralysis.
Ijyb shouts!
Ijyb zaps a wand.
You resist with some effort.
Ijyb zaps a wand.
You resist with some effort.
Cast which spell? (? or * to list)
You can't see any susceptible monsters within range! (Use Z to cast anyway.) Unknown command.
Unknown command.
Cast which spell? (? or * to list)
Aiming: Sting (safe; 6% risk of failure)
Press: ? - help, Shift-Dir - straight line, f - Ijyb
Aim: Ijyb, wielding a +1 spectral club, wearing a +0 leather armour and carrying a wand of paralysis (64% to hit)
Okay, then.
Cast which spell? (? or * to list)
Okay, then.
Cast which spell? (? or * to list)
Aiming: Mephitic Cloud (extremely dangerous; 28% risk of failure)
Press: ? - help, Shift-Dir - straight line You miscast Mephitic Cloud.
You are very lightly contaminated with residual magic.
Nothing appears to happen.
Ijyb zaps a wand.
You resist with some effort.
Cast which spell? (? or * to list)
Aiming: Sting (safe; 6% risk of failure)
Press: ? - help, Shift-Dir - straight line, f - Ijyb
Aim: Ijyb, wielding a +1 spectral club, wearing a +0 leather armour and carrying a wand of paralysis (64% to hit)
You miscast Sting.
Nothing appears to happen.
Cast which spell? (? or * to list)
Aiming: Sting (safe; 6% risk of failure)
Press: ? - help, Shift-Dir - straight line, f/p - Ijyb
Aim: Ijyb, wielding a +1 spectral club, wearing a +0 leather armour and carrying a wand of paralysis (64% to hit)
The sting hits Ijyb.
Ijyb is poisoned.
Ijyb is lightly wounded.
Ijyb zaps a wand.
You resist with some effort.
Reach: d) +0 spear
Press: ? - help, Dir - move target, f/p - Ijyb
Aim: Ijyb, wielding a +1 spectral club, wearing a +0 leather armour and carrying a wand of paralysis (moderately wounded, poisoned, about 50% to evade your +0 spear)
You hit Ijyb but do no damage.
Ijyb is moderately wounded.
Ijyb zaps a wand.
You suddenly lose the ability to move!
Ijyb hits you with a +1 spectral club. The +1 spectral club hits you!
A +1 spectral club comes into view.
The +1 spectral club hits you but does no damage.
The +1 spectral club hits you.
* * * LOW HITPOINT WARNING * * *
Ijyb hits you with a +1 spectral club.
* * * LOW HITPOINT WARNING * * *
The +1 spectral club hits you.
* * * LOW HITPOINT WARNING * * *
The +1 spectral club hits you!
* * * LOW HITPOINT WARNING * * *
The +1 spectral club hits you!
You die...

#.......<.......
#####.....#.#.######
#...........#...
#...........#.###
#...........#..
#...........#..
#...............
#...............
#...@...........#
#...g(..........#
#...........#...#
#.........#.###.
+.....###.#.#
#.....# .# # ####.##
# #..


You could see a +1 spectral club and Ijyb (poisoned).

Vanquished Creatures
  An adder (D:2)
  A dart slug (D:1)
  A ball python (D:3)
  3 endoplasms
  A giant cockroach (D:1)
  2 quokkas (D:1)
  2 bats (D:2)
  A kobold (D:2)
  2 rats (D:2)
14 creatures vanquished.

Notes
Turn   | Place    | Note
-------+----------+-------------------------------------------
     0 | D:1      | jagoly the Naga Alchemist began the quest for the Orb.
     0 | D:1      | Reached XP level 1. HP: 15/15 MP: 3/3
   158 | D:1      | Reached XP level 2. HP: 15/22 MP: 1/5
   357 | D:2      | Reached XP level 3. HP: 23/28 MP: 0/6
   361 | D:2      | Learned a level 3 spell: Mephitic Cloud
   395 | D:3      | Noticed Ijyb
   402 | D:3      | Paralysed by Ijyb for 5 turns
   405 | D:3      | Slain by a +1 spectral club

Illustrated notes

Levels and vault maps discovered:
D:1:      spicycebolla_green_bress_n_ham_2, layout_basic,
          hangedman_decor_growths
D:2:      minmay_chambers_of_twos, layout_loops_corners, uniq_sigmund
D:3:      layout_basic, mainiacjoe_overflow_catwalk,
          nicolae_wu_jian_wuxing_cycle, st_stairs_4, uniq_grinder, uniq_ijyb

Skill      XL: |  1  2  3 |
---------------+----------+-----
Alchemy        | 4 |  4.1
Stealth        | 4 |  4.0
Dodging        | |  1.5
Spellcasting   | |  2.4
Conjurations   | |  1.0

Action                     || total
---------------------------++-------
  Melee: Spear             ||    17
         Punch             ||     1
   Cast: Sting             ||    18
   Stab: Sleeping          ||     3
 Armour: Robe              ||    24
  Dodge: Dodged            ||    12
